 Dungeon Crawl Stone Soup version 0.28-a0-1395-g4f6bc678fa (webtiles) character file.

Game seed: 5536114976845464335

40 eustatius the Magician (level 3, 0/27 HPs)
             Began as a Draconian Wanderer on Jan 5, 2022.
             Was an Initiate of Ashenzari.
             Succumbed to an adder's poison
             ... on level 2 of the Dungeon.
             The game lasted 00:08:22 (2328 turns).

eustatius the Magician (Draconian Wanderer)         Turns: 2328, Time: 00:08:23

Health: 0/27       AC:  5    Str: 12    XL:     3   Next: 30%
Magic:  6/9        EV: 11    Int: 15    God:    Ashenzari [......]
Gold:   74         SH:  0    Dex: 11    Spells: 9/11 levels left

rFire   . . .      SeeInvis .   c - +0 spear
rCold   . . .      Faith    .   (no shield)
rNeg    . . .      Spirit   .   (armour unavailable)
rPois   .          Reflect  .   (helmet restricted)
rElec   .          Harm     .   (no cloak)
rCorr   .          Rampage  .   (no gloves)
Will    .....                   (no boots)
Stlth   +.........              (no amulet)
HPRegen 0.09/turn               (no ring)
MPRegen 0.11/turn               (no ring)

@: lethally poisoned (0 -> -5)
A: AC +5, unfitting armour, cold-blooded
a: Renounce Religion, Curse Item


You were on level 2 of the Dungeon.
You worshipped Ashenzari.
Ashenzari was noncommittal.
You visited 1 branch of the dungeon, and saw 2 of its levels.

You collected 74 gold pieces.

Inventory:

Hand Weapons
 a - a +0 club
 c - a +0 spear (weapon)
 d - a +0 hunting sling
Missiles
 e - 27 stones
Scrolls
 g - a scroll of acquirement {unknown}
 h - 2 scrolls of identify {unknown}
Potions
 f - a potion of degeneration {unknown}
 i - a potion of resistance {unknown}
 j - a potion of brilliance {unknown}
Miscellaneous
 b - a piece from Xom's chessboard (15/15) (quivered)


   Skills:
 + Level 0.3 Fighting
 + Level 0.4 Polearms
 + Level 1.0 Throwing
 + Level 0.3 Dodging
 + Level 0.4 Stealth
 + Level 4.5 Spellcasting
 + Level 1.2 Ice Magic
 + Level 3.2 Evocations


You had 9 spell levels left.
You knew the following spells:

 Your Spells              Type           Power      Damage    Failure   Level
a - Freeze                Ice            28%        1d5       11%         1
b - Slow                  Hex            12%        N/A       17%         1

Your spell library contained the following spells:

 Spells                   Type           Power      Damage    Failure   Level
 Scorch                   Fire           6%         2d5       26%         2
 Sublimation of Blood     Necr           3%         N/A       26%         2
 Ozocubu's Armour         Ice            7%         N/A       30%         3
 Call Canine Familiar     Summ           3%         N/A       45%         3


Dungeon Overview and Level Annotations

Branches:
Dungeon (2/15)

Altars:
Ashenzari


Innate Abilities, Weirdness & Mutations

Your plain brown scales are hard. (AC +5)
You cannot fit into any form of body armour.
You are cold-blooded and may be slowed by cold attacks.


Message History

The adder barely misses you.
You barely miss the adder.
You feel sick.
The adder bites you but does no damage. x3; The adder bites you.
You closely miss the adder.
You feel sick. The adder bites you. x2
You hit the adder.
Your tail-slap misses the adder.
The adder is heavily wounded.
You feel sick. The adder bites you.
* * * LOW HITPOINT WARNING * * *
You are lethally poisoned!
The adder poisons you! The adder bites you but does no damage.
The adder closely misses you.
Casting: Freeze (safe; 11% risk of failure)
Confirm with . or Enter, or press ? or * to list all spells.
Aiming: Freeze (safe; 11% risk of failure)
Press: ? - help, Shift-Dir - straight line, f - adder
Aim: an adder (heavily wounded)
You freeze the adder.
The adder is heavily wounded.
The adder seems to slow down.
* * * LOW HITPOINT WARNING * * *
You feel sick. The adder bites you but does no damage. The adder bites you.
* * * LOW HITPOINT WARNING * * *
Casting: Freeze (safe; 11% risk of failure)
Confirm with . or Enter, or press ? or * to list all spells.
Aiming: Freeze (safe; 11% risk of failure)
Press: ? - help, Shift-Dir - straight line, f/p - adder
Aim: an adder (heavily wounded, slow)
You freeze the adder.
The adder is almost dead.
* * * LOW HITPOINT WARNING * * *
You feel sick. The adder closely misses you.
The adder bites you but does no damage.
Casting: Freeze (safe; 11% risk of failure)
Confirm with . or Enter, or press ? or * to list all spells.
Aiming: Freeze (safe; 11% risk of failure)
Press: ? - help, Shift-Dir - straight line, f/p - adder
Aim: an adder (almost dead, slow)
You freeze the adder.
The adder is almost dead.
You die...

....##...........
.....+... ..........#
....##.. ....<.....#
.......####.........!#
...........###.......#
.....................#
#....................##
#.........†.....#.....##
................@.......
.....#....##...SS......>
.....#....##............
.....#....##............
.#+###....##............
#....#....#####.........
####.###### #........#
..... #......?.# ##.#.


You could see 2 adders.

Vanquished Creatures
  A dart slug (D:1)
  An orc (D:2)
  3 endoplasms (D:1)
  A giant cockroach (D:2)
  5 goblins
  5 hobgoblins
  2 quokkas
  3 ball pythons
  3 bats
  A frilled lizard (D:1)
  4 kobolds
  5 rats
34 creatures vanquished.

Vanquished Creatures (others)
  3 fungi (D:1)
  3 plants (D:1)
6 creatures vanquished.

Grand Total: 40 creatures vanquished

Notes
Turn   | Place    | Note
-------+----------+-------------------------------------------
     0 | D:1      | eustatius the Draconian Wanderer began the quest for the
                  | Orb.
     0 | D:1      | eustatius set off with the following items: a +0 club, a
                  | piece from Xom's chessboard (15/15); and the following
                  | spells available to memorise: Freeze, Slow, Scorch,
                  | Sublimation of Blood, Ozocubu's Armour, Call Canine
                  | Familiar
     0 | D:1      | Reached XP level 1. HP: 14/14 MP: 5/5
     2 | D:1      | Learned a level 1 spell: Freeze
     4 | D:1      | Learned a level 1 spell: Slow
   632 | D:1      | Reached XP level 2. HP: 17/20 MP: 7/7
  1029 | D:1      | Found a faded altar of an unknown god.
  1072 | D:1      | Prayed at the altar of an unknown god.
  1072 | D:1      | Became a worshipper of Ashenzari the Shackled
  1832 | D:2      | Reached XP level 3. HP: 9/27 MP: 3/8
  2327 | D:2      | HP: 1/27 [poisoned by an adder]
  2328 | D:2      | Succumbed to an adder's poison

Illustrated notes

Levels and vault maps discovered:
D:1:      lemuel_arrival_room, layout_loops_ring,
          dreamdust_ecumenical_altar_grove
D:2:      minmay_general_purpose_star, layout_basic, minmay_quantized

Action                   || total
-------------------------++-------
Melee: Spear             ||    92
       Tailslap          ||     6
 Cast: Freeze            ||    26
 Stab: Sleeping          ||     1
Armor: Skin              ||    52
Dodge: Dodged            ||    71

Table legend: (Time is in decaauts)
 A = Elapsed time spent in this place.
 B = Non-inter-level travel time spent in this place.
 C = Inter-level travel time spent in this place.
 D = Time resting spent in this place.
 E = Time spent auto-exploring this place.
 F = Levels seen in this place.
 G = Mean time per level.
                   A        B        C        D        E       F      G
               +--------+--------+--------+--------+--------+-----+--------+
         Total |   2341 |   2329 |     12 |     39 |   1811 |   2 | 1170.5 |
       Dungeon |   2341 |   2329 |     12 |     39 |   1811 |   2 | 1170.5 |
               +--------+--------+--------+--------+--------+-----+--------+

Top non-repeatable levels by time:
     D:1: 1755 daAuts
     D:2: 586 daAuts
